 Dungeon Crawl Stone Soup version 0.30-a0-141-g30f27751c5 (webtiles) character file.

Game seed: 4696786061823909345

805 ouechouech the Digger (level 7, -1/41 (42) HPs)
             Began as an Octopode Earth Elementalist on Sept 25, 2022.
             Slain by a gnoll
             ... wielding a +0 spear
              (5 damage)
             ... on level 4 of the Dungeon.
             The game lasted 00:12:24 (4868 turns).

ouechouech the Digger (Octopode Earth Elementalist) Turns: 4868, Time: 00:12:27

HP:   -1/41 (42)    AC:  1    Str:  7    XL:     7   Next: 91%
MP:   14/14         EV: 13    Int: 20    God:
Gold: 299           SH:  0    Dex: 12    Spells: 9/15 levels left

rFire   . . .      SeeInvis +    l - +12 dagger of Karma {vorpal, SInv}
rCold   . . .      Faith    .    (no shield)
rNeg    . . .      Spirit   .    (helmet restricted)
rPois   .          Reflect  .    (no amulet)
rElec   .          Harm     .    (no ring)
rCorr   .          Rampage  .    (no ring)
Will    .....                    (no ring)
Stlth   +++.......               (no ring)
HPRegen 0.13/turn                (no ring)
MPRegen 0.14/turn                (no ring)
                                 (no ring)
                                 (no ring)

@: about to teleport, lightly drained
A: almost no armour, amphibious, 8 rings, camouflage 1, gelatinous body 1,
(nimble swimmer 1), tentacles
a: no special abilities


You were on level 4 of the Dungeon.
You visited 1 branch of the dungeon, and saw 4 of its levels.
You also visited: Sewer.

You collected 299 gold pieces.

Inventory:

Hand Weapons
 d - a +0 dagger
 l - the +12 dagger of Karma (weapon) {vorpal, SInv}
   (You found it on level 2 of the Dungeon)

   It inflicts extra damage upon your enemies.
   SInv:      It lets you see invisible.
Missiles
 h - 28 poisoned darts
 k - 3 curare-tipped darts
Scrolls
 b - a scroll of fog {unknown}
 e - 2 scrolls of enchant armour
 g - 3 scrolls of magic mapping
 i - 2 scrolls of noise
 j - 3 scrolls of teleportation
 r - a scroll of identify
 s - 2 scrolls of poison {unknown}
 v - a scroll of vulnerability {unknown}
 w - a scroll of blinking {unknown}
Potions
 a - 2 potions of magic
 c - a potion of lignification
 f - a potion of curing {unknown}
 m - a potion of mutation {unknown}
 n - 4 potions of might
 o - a potion of cancellation {unknown}
 p - a potion of haste {unknown}
 q - 3 potions of invisibility {unknown}
 t - a potion of heal wounds
 u - a potion of ambrosia {unknown}


   Skills:
 + Level 0.7 Fighting
 * Level 3.3 Short Blades
 + Level 2.6 Dodging
 + Level 4.1 Stealth
 + Level 4.9 Spellcasting
 + Level 1.2 Transmutations
 + Level 5.7 Earth Magic


You had 9 spell levels left.
You knew the following spells:

 Your Spells              Type           Power      Damage    Failure   Level
a - Sandblast             Erth           54%        2d13      1%          1
b - Passwall              Tmut/Erth      15%        N/A       4%          2
c - Stone Arrow           Conj/Erth      32%        3d9       11%         3

Your spell library contained the following spells:

 Spells                   Type           Power      Damage    Failure   Level
 Petrify                  Tmut/Erth      18%        N/A       28%         4
 Olgreb's Toxic Radiance  Pois           4%         N/A       75%         4
 Fireball                 Conj/Fire      2%         3d4       97%         5
 Starburst                Conj/Fire      2%         6d3       100%        6
 Ozocubu's Refrigeration  Ice            2%         4d7       100%        7
 Ignition                 Fire           2%         3d3       100%        8


Dungeon Overview and Level Annotations

Branches:
Dungeon (4/15)              Sewer (visited)
 Temple: D:4-7

Altars:
Ashenzari
Hepliaklqana
Okawaru
Ru

Shops:
D:3 =


Innate Abilities, Weirdness & Mutations

You cannot wear most types of armour.
You are amphibious.
You can wear up to eight rings at the same time.
Your skin changes colour to match your surroundings (Stealth+).
Your rubbery body absorbs attacks. (AC +1, EV +1)
((You are camouflaged when in or above water. (Stealth+)))
You have tentacles for arms and can constrict up to eight enemies at once.


Message History

Found a stone staircase leading down.
The endoplasm quivers.
The endoplasm hits you.
You puncture the endoplasm!
You kill the endoplasm!
No target in view!
Found a stone staircase leading up.
Found a stone staircase leading up.
w - a scroll labelled LIFROZ YLIO You open the large door.
You open the door.
A gnoll comes into view.
It is wielding a +0 club. 3 gnolls come into view.
A gnoll is wielding a +1 flail of draining.
There is an open door here.
The gnoll shouts! x2
The gnoll shouts!
You hit the gnoll. Your grab misses the gnoll.
You squeeze the gnoll, but do no damage.
The gnoll is heavily wounded.
The gnoll hits you with a +1 flail of draining.
You feel drained.
The gnoll hits you from afar with a +0 spear!
The gnoll hits you with a +0 club!
Okay, then.
Okay, then.
There is an open door here.
The gnoll barely misses you. The gnoll barely misses you.
The gnoll closely misses you. The gnoll hits you with a +0 club.
The gnoll attacks as you move away! The gnoll misses you.
The gnoll hits you from afar with a +0 spear.
* * * LOW HITPOINT WARNING * * *
As you read the scroll labelled TUKIVO YCRUR, it crumbles to dust.
You feel strangely unstable.
It was a scroll of teleportation.
The gnoll hits you with a +0 whip!
* * * LOW HITPOINT WARNING * * *
The gnoll barely misses you.
The gnoll hits you from afar with a +0 spear.
You die...

#........#.............
#........#......############
#........#...).............#
#######'##.####.#...........
..............#.##.#.####...
.#.##......#..#..^.#.#......
+....g.#..######.# #...
#......g....# #.#.##...
###''.g@....####.#......
###.g.......##.#.##...
#.........##.#.##...
#.........##.#......
#....<..####.####...
#.......# #........
####.##.# ####.#... #<...#
#..... ###### ##....


You could see 4 gnolls.

Vanquished Creatures
  A black bear (D:4)
  5 kobold brigands (Sewer)
  2 scorpions (D:4)
  A necrophage (D:3)
  7 adders
  A river rat (D:3)
  An ufetubus (D:4)
  2 worms (D:3)
  4 dart slugs
  4 orcs (D:3)
  11 ball pythons
  5 bats
  12 endoplasms
  8 giant cockroaches
  7 goblins
  9 hobgoblins
  18 kobolds
  2 quokkas (D:1)
  4 frilled lizards
  14 rats
118 creatures vanquished.

Vanquished Creatures (others)
  A plant (Sewer)
1 creature vanquished.

Grand Total: 119 creatures vanquished

Notes
Turn   | Place    | Note
-------+----------+-------------------------------------------
     0 | D:1      | ouechouech the Octopode Earth Elementalist began the quest
                  | for the Orb.
     0 | D:1      | Reached XP level 1. HP: 11/11 MP: 3/3
   196 | D:1      | Reached XP level 2. HP: 17/17 MP: 3/5
   567 | D:1      | Found a faded altar of an unknown god.
   679 | D:1      | Reached XP level 3. HP: 21/21 MP: 3/6
  1184 | D:2      | Identified the +12 dagger of Karma {vorpal, SInv}
  1219 | D:2      | Learned a level 2 spell: Passwall
  1223 | D:2      | Learned a level 3 spell: Stone Arrow
  1399 | D:2      | Identified the +10 hand axe "Dadiopn" {vorpal, rCorr Str+7}
  2278 | D:3      | Reached skill level 4 in Earth Magic
  2278 | D:3      | Reached XP level 4. HP: 27/27 MP: 6/8
  2289 | D:3      | Reached skill level 1 in Short Blades
  2406 | D:3      | Found an iron altar of Okawaru.
  2411 | D:3      | Found a sacrificial altar of Ru.
  2411 | D:3      | Found a hazy altar of Hepliaklqana.
  2412 | D:3      | Noticed a necrophage
  2418 | D:3      | Killed a necrophage
  2419 | D:3      | Reached XP level 5. HP: 31/31 MP: 5/9
  2793 | D:3      | Found a glowing drain.
  2921 | Sewer    | Entered a sewer
  3040 | Sewer    | Noticed a kobold brigand
  3043 | Sewer    | Killed a kobold brigand
  3044 | Sewer    | Reached XP level 6. HP: 29/36 MP: 7/11
  3241 | Sewer    | Reached skill level 5 in Earth Magic
  3280 | Sewer    | Identified the +0 ring mail of a volcano {Str+5}
  3358 | Sewer    | Reached XP level 7. HP: 30/41 MP: 9/13
  3829 | D:3      | Found a broken altar of Ashenzari.
  3833 | D:3      | Saw a vision of the Shoals and the Spider Nest.
  3833 | D:3      | Noticed an orb spider
  3833 | D:3      | Noticed a merfolk
  3833 | D:3      | Noticed a demonic crawler
  3833 | D:3      | Noticed a snapping turtle
  3833 | D:3      | Noticed a cyclops
  3833 | D:3      | Noticed a steelbarb worm
  3833 | D:3      | Noticed a tarantella
  3833 | D:3      | Noticed a merfolk
  3833 | D:3      | Noticed a harpy
  3833 | D:3      | Noticed a culicivora
  3833 | D:3      | Noticed a wind drake
  3833 | D:3      | Noticed an orb spider
  3833 | D:3      | Noticed a demonic crawler
  3833 | D:3      | Noticed a demonic crawler
  3833 | D:3      | Noticed an orb spider
  3833 | D:3      | Noticed a wolf spider
  3833 | D:3      | Noticed a merfolk
  3833 | D:3      | Noticed a jumping spider
  3833 | D:3      | Noticed a steelbarb worm
  3833 | D:3      | Noticed a merfolk
  3833 | D:3      | Noticed a merfolk avatar
  3834 | D:3      | Noticed a demonic crawler
  3834 | D:3      | Noticed a jumping spider
  3834 | D:3      | Noticed an entropy weaver
  3835 | D:3      | Noticed a merfolk
  3835 | D:3      | Noticed a wolf spider
  3835 | D:3      | Noticed a steelbarb worm
  3947 | D:3      | Found Ymesh's Jewellery Boutique.
  4868 | D:4      | Slain by a gnoll

Illustrated notes

Levels and vault maps discovered:
D:1:      tarquinn_simple_flora_water_a, layout_loops_ring,
          shapermc_ecumenical_altar_pompeii
D:2:      layout_loops_corners
D:3:      layout_basic, grunt_ashenzari_visionary
          [grunt_ashenzari_visionary_shoals, grunt_ashenzari_visionary_spider],
          chequers_temple_overflow_statue_of_worship, portal_sewer_entry_b,
          serial_shops, shop
D:4:      layout_basic, wad_floor_pattern_1, minivault_25

Skill      XL: |  1  2  3  4  5  6  7 |
---------------+----------------------+-----
Stealth        | 3 4 |  4.1
Earth Magic    | 4 5 |  5.7
Short Blades   | 1 2 3 |  3.3
Spellcasting   | 3 4 |  4.9
Fighting       | |  0.7
Dodging        | |  2.6
Transmutations | |  1.2

Action                   |  1- 3 |  4- 6 |  7- 9 || total
-------------------------+-------+-------+-------++-------
Melee: Dagger            |     4 |     6 |    21 ||    31
       Constrict         |     1 |     1 |     5 ||     7
       Tentacles         |       |     1 |     4 ||     5
Throw: Dart              |     1 |       |     1 ||     2
 Cast: Sandblast         |    53 |    78 |    15 ||   146
  Use: Scroll            |       |     6 |     1 ||     7
       Potion            |       |     3 |       ||     3
 Stab: Sleeping          |     1 |       |     4 ||     5
Armor: Skin              |     1 |    15 |     3 ||    19
Dodge: Dodged            |    12 |    26 |    19 ||    57

Table legend: (Time is in decaauts)
 A = Elapsed time spent in this place.
 B = Non-inter-level travel time spent in this place.
 C = Inter-level travel time spent in this place.
 D = Time resting spent in this place.
 E = Time spent auto-exploring this place.
 F = Levels seen in this place.
 G = Mean time per level.
                   A        B        C        D        E       F      G
               +--------+--------+--------+--------+--------+-----+--------+
         Total |   4945 |   4862 |     83 |      0 |   4074 |   5 |  989.0 |
       Dungeon |   4163 |   4080 |     83 |      0 |   3441 |   4 | 1040.8 |
         Sewer |    782 |    782 |      0 |      0 |    633 |   1 |  782.0 |
               +--------+--------+--------+--------+--------+-----+--------+

Top non-repeatable levels by time:
     D:3: 1183 daAuts
     D:1: 1170 daAuts
     D:2: 1091 daAuts
   Sewer: 782 daAuts
     D:4: 718 daAuts
